 Dungeon Crawl Stone Soup version 0.21.1-1-g345015f (webtiles) character file.

29 suicidejoker the Bolt Thrower (level 3, -2/25 HPs)
             Began as an Octopode Hunter on Apr 21, 2018.
             Slain by an orc warrior
             ... wielding a +0 morningstar
              (12 damage)
             ... on level 2 of the Dungeon.
             The game lasted 00:01:28 (866 turns).

suicidejoker the Bolt Thrower (Octopode Hunter)      Turns: 866, Time: 00:01:29

Health: -2/25      AC:  1    Str: 17    XL:     3   Next: 16%
Magic:  3/3        EV: 13    Int: 18    God:
Gold:   30         SH:  0    Dex: 12    Spells: 2/2 levels left

rFire    . . .     SeeInvis .   b - +0 short sword
rCold    . . .     Gourm    .   (no shield)
rNeg     . . .     Faith    .   (helmet restricted)
rPois    .         Spirit   .   (no amulet)
rElec    .         Reflect  .   m - ring of resist corrosion
rCorr    +         Harm     .   (no ring)
MR       .....                  (no ring)
Stlth    +++.......             (no ring)
HPRegen  0.08/turn              (no ring)
MPRegen  0.08/turn              (no ring)
                                (no ring)
                                (no ring)

@: mighty, brilliant
A: almost no armour, stealthy swim, amphibious, 8 rings, constrict 8, camouflage
1, gelatinous body 1
a: no special abilities


You were on level 2 of the Dungeon.
You were not hungry.

You visited 1 branch of the dungeon, and saw 2 of its levels.

You collected 30 gold pieces.

Inventory:

Hand Weapons
 a - a +1 hand crossbow
 b - a +0 short sword (weapon)
Missiles
 c - 9 bolts
 j - 7 arrows
 k - 29 stones (quivered)
Jewellery
 m - a ring of resist corrosion (left tentacle)
Scrolls
 e - 2 scrolls of remove curse
 h - a scroll of fog {unknown}
 i - a scroll of teleportation {unknown}
 l - a scroll of identify {unknown}
Potions
 n - a potion of might
Comestibles
 d - 2 rations


   Skills:
 + Level 2.3 Fighting
 * Level 4.4 Crossbows
 + Level 2.3 Dodging
 + Level 2.2 Stealth


You had 2 spell levels left.
You didn't know any spells.

Dungeon Overview and Level Annotations

Branches:
Dungeon (2/15)

Altars:
Vehumet


Innate Abilities, Weirdness & Mutations

You cannot wear most types of armour.
You are very stealthy in the water. (Stealth+)
You are amphibious.
You can wear up to eight rings at the same time.
You can use your tentacles to constrict eight enemies at once.
Your skin changes colour to match your surroundings (Stealth+).
Your rubbery body absorbs attacks. (AC +1, EV +1)


Message History

Wield which item (- for none, * to show all)? (? for menu, Esc to quit)
Okay, then.
As you read the scroll labeled MUXKICINKO, it crumbles to dust.
You feel blessed for a moment.
It was a scroll of remove curse.
The orc warrior barely misses you.
It was a potion of brilliance.
You feel clever all of a sudden.
It was a potion of magic.
Magic courses through your body. The orc warrior barely misses you.
The orc wizard mumbles some strange words.
The orc wizard seems to speed up.
It was a potion of might.
You feel very mighty all of a sudden. The orc warrior misses you.
b - a +0 short sword (weapon)
You closely miss the orc warrior. Your grab misses the orc warrior.
You squeeze the orc warrior!
The orc warrior is severely wounded.
The orc warrior hits you with a morningstar!
You die...

..<...
#....######
..... ..##
.... ... #..#
#.# #..# ##.#
#..###..#
#......## ..
#@###..# .#
#.#o###†.###.#
#.oo.......#.#
..#.###......#
((#..........#
(.
#####.....##
.(. #..#.##
..( #.!#.#
....#.#


You could see an orc warrior, an orc wizard and an orc.

Vanquished Creatures
  A dart slug (D:1)
  A leopard gecko (D:1)
  An orc (D:2)
  A bat (D:1)
  3 giant cockroaches
  5 goblins (D:1)
  A hobgoblin (D:2)
  3 frilled lizards
  5 kobolds
  2 rats
23 creatures vanquished.

Notes
Turn   | Place    | Note
-------+----------+-------------------------------------------
     0 | D:1      | suicidejoker the Octopode Hunter began the quest for the Orb.
     0 | D:1      | Reached XP level 1. HP: 14/14 MP: 1/1
   272 | D:1      | Reached XP level 2. HP: 13/19 MP: 2/2
   738 | D:2      | Reached XP level 3. HP: 24/24 MP: 3/3
   754 | D:2      | Found a radiant altar of Vehumet.
   858 | D:2      | Noticed an orc warrior
   866 | D:2      | Slain by an orc warrior

Skill      XL: |  1  2 |
---------------+-------+-----
Stealth        | 2 |  2.2
Fighting       | |  2.3
Crossbows      | |  4.4
Dodging        | |  2.3

Action                   || total
-------------------------++-------
Melee: Short sword       ||     2
       Tentacles         ||     2
       Constrict         ||     1
 Fire: Hand crossbow     ||    54
  Use: Potion            ||     3
       Scroll            ||     1
Dodge: Dodged            ||    12
